 Dungeon Crawl Stone Soup version 0.24.0-123-gd5b16e6ec5 (webtiles) character file.

Game seed: 13199688798175127934, levelgen mode: deterministic

132 Mevorra the Caller (level 5, -2/36 HPs)
             Began as a Merfolk Summoner on Jan 24, 2020.
             Slain by a hound (6 damage)
             ... on level 3 of the Dungeon.
             The game lasted 00:36:14 (3374 turns).

Mevorra the Caller (Merfolk Summoner)               Turns: 3374, Time: 00:36:15

Health: -2/36      AC:  3    Str:  8    XL:     5   Next: 15%
Magic:  1/18       EV: 14    Int: 16    God:
Gold:   203        SH:  0    Dex: 14    Spells: 1/10 levels left

rFire    . . .     SeeInvis .   s - +2 dagger (venom)
rCold    . . .     Gourm    .   (no shield)
rNeg     . . .     Faith    .   a - +0 robe
rPois    .         Spirit   .   m - +0 helmet
rElec    .         Reflect  .   (no cloak)
rCorr    .         Harm     .   (no gloves)
MR       +....                  (no boots)
Stlth    ++........             (no amulet)
HPRegen  0.12/turn              e - ring of magical power
MPRegen  0.16/turn              n - ring of protection from magic

@: very slightly contaminated
A: change form in water, swift swim, stealthy swim
a: no special abilities


You were on level 3 of the Dungeon.
You were not hungry.

You visited 1 branch of the dungeon, and saw 4 of its levels.

You collected 203 gold pieces.

Inventory:

Hand Weapons
 s - a +2 dagger of venom (weapon)
Armour
 a - a +0 robe (worn)
 m - a +0 helmet (worn)
Jewellery
 e - a ring of magical power (left hand)
 n - a ring of protection from magic (right hand)
Scrolls
 h - a scroll of teleportation
 j - a scroll of enchant armour {unknown}
 k - 2 scrolls of remove curse
 l - a scroll of fog {unknown}
 r - a scroll of identify {unknown}
Potions
 b - a potion of magic {unknown}
 d - a potion of might {unknown}
 f - a potion of brilliance {unknown}
 g - 3 potions of curing {unknown}
 i - a potion of heal wounds {unknown}
 p - a potion of flight {unknown}
Comestibles
 c - 5 rations
 o - 4 chunks of flesh


   Skills:
 - Level 0.7 Fighting
   Level 0.2 Maces & Flails
 + Level 3.6 Dodging
 - Level 2.4 Stealth
 + Level 3.0 Spellcasting
 + Level 5.1 Summonings
 * Level 0.2 Ice Magic


You had one spell level left.
You knew the following spells:

 Your Spells              Type           Power        Failure   Level  Hunger
a - Summon Ice Beast      Ice/Summ       ##......     52%         4    #####..
b - Call Imp              Summ           ###.....     3%          2    ##.....
c - Call Canine Familiar  Summ           ###.....     7%          3    ###....

Your spell library contained the following spells:

 Spells                   Type           Power        Failure   Level  Hunger
 Summon Small Mammal      Summ           ###.         2%          1    #......
 Confusing Touch          Hex            #.....       19%         1    #......
 Summon Guardian Golem    Hex/Summ       ##......     21%         3    ###....
 Confuse                  Hex            #.......     50%         3    ###....
 Gell's Gravitas          Tloc           #.........   50%         3    ###....
 Summon Lightning Spire   Summ/Air       ##......     54%         4    #####..
 Petrify                  Tmut/Erth      #.......     88%         4    #####..
 Metabolic Englaciation   Hex/Ice        #.........   99%         5    ######.
 Yara's Violent Unravell  Hex/Tmut       #.........   99%         5    ######.


Dungeon Overview and Level Annotations

Branches:
Dungeon (4/15)
 Temple: D:4-7

Altars:
Hepliaklqana
Makhleb
Qazlal
Uskayaw

Annotations:
D:4 Menkaure


Message History

A leopard gecko comes into view.
The hound barely misses you.
Menkaure calls on the powers of darkness!
The hound convulses!
Your body is wracked with pain!
* * * LOW HITPOINT WARNING * * *
The hound bites you.
* * * LOW HITPOINT WARNING * * *
There is a stone staircase leading up here.
The leopard gecko hisses angrily.
The hound barely misses you.
You climb upwards.
There is a stone staircase leading down here.
Casting: Call Imp (safe; 3% risk of failure)
Confirm with . or Enter, or press ? or * to list all spells.
A beastly little devil appears in a puff of flame.
The hound bites you but does no damage. The hound bites you.
* * * LOW HITPOINT WARNING * * *
Your crimson imp hits the hound.
The hound bites you.
You die...

#.##.#####....# #.##.#........#
#.##.#.##.....# #.##.#........#
#.##.#........#
##########.##.##.......#
.......................#
##########.####.##..#..#
................@h>....##########
##########.########5.............
#.# #.#..########## #.#
#.#..########## #.#
#.[.........)..
##########.###########..########.
...............................#.
...........############..##..###.
############ #.................#.


You could see a hound and a friendly crimson imp.

Vanquished Creatures
  An iguana (D:4)
  An adder (D:3)
  A leopard gecko (D:4)
  An orc (D:3)
  4 giant cockroaches
  2 goblins
  2 jackals (D:2)
  A frilled lizard (D:3)
  4 rats
17 creatures vanquished.

Vanquished Creatures (collateral kills)
  2 orc wizards (D:4)
  Robin (D:2)
  2 adders
  An adder skeleton (D:4)
  A dart slug (D:1)
  2 leopard geckos
  7 orcs
  6 bats
  9 giant cockroaches
  12 goblins
  A hobgoblin (D:2)
  A jackal (D:2)
  5 kobolds
  2 quokkas
  2 ball pythons
  3 frilled lizards
  5 rats
62 creatures vanquished.

Grand Total: 79 creatures vanquished

Notes
Turn   | Place    | Note
-------+----------+-------------------------------------------
     0 | D:1      | Mevorra the Merfolk Summoner began the quest for the Orb.
     0 | D:1      | Reached XP level 1. HP: 13/13 MP: 3/3
   535 | D:1      | Reached XP level 2. HP: 7/19 MP: 0/5
   565 | D:1      | Learned a level 2 spell: Call Imp
  1136 | D:2      | Reached XP level 3. HP: 18/25 MP: 3/6
  1167 | D:2      | Noticed Robin
  1339 | D:2      | Killed Robin
  1389 | D:2      | Found a hazy altar of Hepliaklqana.
  1429 | D:2      | Learned a level 3 spell: Call Canine Familiar
  1788 | D:2      | Found a hide-covered altar of Uskayaw.
  2428 | D:3      | Reached XP level 4. HP: 28/31 MP: 7/7
  2508 | D:3      | Found a burning altar of Makhleb.
  2542 | D:3      | Found a stormy altar of Qazlal.
  3226 | D:4      | Reached skill level 5 in Summonings
  3231 | D:4      | Reached XP level 5. HP: 15/36 MP: 8/9
  3237 | D:4      | Learned a level 4 spell: Summon Ice Beast
  3342 | D:4      | Noticed Menkaure
  3374 | D:3      | Slain by a hound

Levels and vault maps discovered:
D:1:      dpeg_arrival_lava_temple_mockup, layout_loops_ring
D:2:      layout_loops_ring, old_standard_altar, lemuel_crystal_altar,
          minmay_worlds_worst_comb, uniq_crazy_yiuf_cottage, uniq_robin
D:3:      layout_basic, nicolae_qazlal_eye_of_the_storm, bloody_makhleb
D:4:      layout_basic, first_ration, chequers_serial_rivers_micro_b,
          uniq_menkaure

Skill      XL: |  1  2  3  4  5 |
---------------+----------------+-----
Dodging        | 3 |  3.6
Summonings     | 5 |  5.1
Spellcasting   | 3 |  3.0
Fighting       | |  0.7
Maces & Flails | |  0.2
Stealth        | |  2.4
Ice Magic      | |  0.2

Action                   |  1- 3 |  4- 6 || total
-------------------------+-------+-------++-------
Melee: Unarmed           |   122 |       ||   122
       Whip              |       |    33 ||    33
 Cast: Summon Small Mamm |    20 |       ||    20
       Call Imp          |    18 |     7 ||    25
       Call Canine Famil |     9 |    10 ||    19
  Use: Scroll            |     6 |       ||     6
 Stab: Sleeping          |     3 |       ||     3
       Distracted        |     2 |       ||     2
  Eat: Chunk             |     7 |     3 ||    10
       Ration            |       |     1 ||     1
Armor: Robe              |    42 |    12 ||    54
Dodge: Dodged            |   115 |    28 ||   143
